 Dungeon Crawl Stone Soup version 0.31-a0-216-g22e908daa7 (webtiles) character file.

Game seed: 7679884362523001907

683 qw the Skirmisher (level 7, 0/60 HPs)
             Began as a Minotaur Hexslinger on July 2, 2023.
             Was an Initiate of Okawaru.
             Slain by a lemure (4 damage)
             ... led by Pikel
             ... on level 5 of the Dungeon.
             The game lasted 00:01:43 (4257 turns).

qw the Skirmisher (Minotaur Hexslinger)             Turns: 4257, Time: 00:01:43

Health: 0/60       AC:  5    Str: 12    XL:     7   Next: 35%
Magic:  7/7        EV: 11    Int: 10    God:    Okawaru [......]
Gold:   304        SH:  0    Dex: 15    Spells: 7/8 levels left

rFire   . . .        Y - +2 sling
rCold   . . .        (no shield)
rNeg    . . .        i - +0 ring mail
rPois   .            (helmet restricted)
rElec   .            (no cloak)
rCorr   .            (no gloves)
SInv    +            (no boots)
Will    .....        (no amulet)
Stlth   +            d - ring of see invisible
HPRegen 0.30/turn    (no ring)
MPRegen 0.10/turn

%: no passive effects
@: about to teleport
A: horns 2, retaliatory headbutt
a: Renounce Religion


You were on level 5 of the Dungeon.
You worshipped Okawaru.
Okawaru was noncommittal.
You visited 2 branches of the dungeon, and saw 6 of its levels.

You collected 304 gold pieces.


Innate Abilities, Weirdness & Mutations

You have a pair of horns on your head.
You reflexively headbutt those who attack you in melee.


   Skills:
 + Level 4.6 Fighting
 - Level 8.0 Ranged Weapons
 - Level 1.0 Armour
 - Level 2.1 Dodging
 - Level 1.0 Spellcasting
 - Level 2.0 Hexes


You had 7 spell levels left.
You knew the following spells:

 Your Spells              Type           Power      Damage    Failure   Level
a - Slow                  Hex            16%        N/A       34%         1

Your spell library contained the following spells:

 Spells                   Type           Power      Damage    Failure   Level
 Inner Flame              Hex/Fire       2%         N/A       83%         3
 Portal Projectile        Hex/Tloc       4%         N/A       83%         3
 Cause Fear               Hex            2%         N/A       98%         4

Inventory:

Hand Weapons
 Y - a +2 sling (weapon)
Armour
 a - a +0 pair of gloves
 b - a +0 pair of boots
 g - a +2 pair of gloves
 i - a +0 ring mail (worn)
 j - a scarf of resistance
Jewellery
 d - a ring of see invisible (left hand)
Scrolls
 c - a scroll of identify
 f - 4 scrolls of teleportation
Potions
 e - a potion of curing
 h - a potion of heal wounds {unknown}
 k - a potion of mutation {unknown}
 l - a potion of cancellation

Dungeon Overview and Level Annotations

Branches:
Dungeon (5/15)             Temple (1/1) D:4

Altars:
Ashenzari
Cheibriados
Dithmenos
Elyvilon
Fedhas
Gozag
Hepliaklqana
Kikubaaqudgha
Makhleb
Nemelex Xobeh
Okawaru
Ru
Sif Muna
Trog
Uskayaw
Vehumet
Wu Jian
Xom
Yredelemnul
Zin
The Shining One

Annotations:
D:5 Pikel


Message History

You shoot a sling bullet. The lemure shouts!
The sling bullet hits Pikel.
Pikel is lightly wounded.
A lemure comes into view.
You shoot a sling bullet. The sling bullet hits Pikel.
Pikel is lightly wounded.
You shoot a sling bullet. The sling bullet barely misses Pikel.
The orc wizard shouts!
You shoot a sling bullet.
The sling bullet hits Pikel but does no damage.
Pikel is lightly wounded.
Pikel hits you with a +2 whip of electrocution.
You shoot a sling bullet. The sling bullet barely misses Pikel.
The lemure hits you.
Pikel hits you with a +2 whip of electrocution.
You shoot a sling bullet. The sling bullet closely misses Pikel.
The lemure misses you.
Pikel hits you with a +2 whip of electrocution!
You shoot a sling bullet.
The sling bullet hits Pikel but does no damage.
Pikel is lightly wounded.
The lemure barely misses you. The lemure hits you. Pikel barely misses you.
You furiously retaliate!
You headbutt Pikel. You shoot a sling bullet. The sling bullet hits Pikel!
Pikel is heavily wounded.
The lemure hits you. The lemure barely misses you. You furiously retaliate!
You headbutt the lemure.
Pikel hits you with a +2 whip of electrocution!
You shoot a sling bullet. The sling bullet hits Pikel.
Pikel is severely wounded.
The orc wizard gestures wildly while chanting.
The orc wizard flickers and vanishes for a moment.
The lemure hits you but does no damage. The lemure hits you.
Pikel hits you but does no damage.
You are electrocuted!!
4257 ||| READING 5 scrolls of teleportation.
As you read the scroll of teleportation, it crumbles to dust.
You feel strangely unstable. The lemure hits you.
You die...

#.. .. #.# ##.
#.#... #.#.. #
###########.#.#.#..
##..........5o......
#....###...55K5.....
..>....#.###@#
............##.
##...#.##......#
#.........#..#...
##.###.............#
.._###...#######..##
#.###...# ..# #)..#
.# ###+###...# .#


You could see Pikel, 4 lemures and an orc wizard (invisible).

Vanquished Creatures
  A black bear (D:5)
  A sky beast (D:5)
  A phantom (D:4)
  A bullfrog (D:5)
  2 orc priests
  A jelly (D:5)
  Ijyb (D:3)
  2 orc wizards (D:5)
  8 adders
  An adder zombie (D:3)
  2 worms
  2 dart slugs
  20 orcs
  4 endoplasms
  3 giant cockroaches
  A goblin (D:1)
  8 hobgoblins
  3 jackals (D:3)
  4 kobolds
  5 quokkas
  5 ball pythons
  A ball python skeleton (D:3)
  A ball python zombie (D:3)
  11 bats
  5 frilled lizards
  A giant cockroach zombie (D:3)
  A quokka zombie (D:3)
  3 rats
99 creatures vanquished.

Notes
Turn   | Place    | Note
-------+----------+-------------------------------------------
     0 | D:1      | qw the Minotaur Hexslinger began the quest for the Orb.
     0 | D:1      | Reached XP level 1. HP: 16/16 MP: 1/1
     0 | D:1      | 0 ||| qw: Version: 0.3-a-35-g05ef00e
     0 | D:1      | 0 ||| qw: Game counter: 7796
     0 | D:1      | 0 ||| qw: Melee chars always use a shield: true
     0 | D:1      | 0 ||| qw: God list: Okawaru
     0 | D:1      | 0 ||| qw: Allow faded altars: false
     0 | D:1      | 0 ||| qw: Do Orc after clearing Dungeon:15 true
     0 | D:1      | 0 ||| qw: Do second Lair branch before Depths: true
     0 | D:1      | 0 ||| qw: Lair rune preference: random
     0 | D:1      | 0 ||| qw: Goals: Normal
     0 | D:1      | 0 ||| PLANNING D:1-11
   163 | D:1      | Reached skill level 3 in Ranged Weapons
   178 | D:1      | Reached XP level 2. HP: 22/23 MP: 2/2
   532 | D:1      | You fall into a shaft and drop 1 floor!
   618 | D:2      | 618 ||| UPGRADING to +0 leather armour.
   628 | D:2      | 628 ||| DROPPING +0 robe.
   629 | D:2      | 629 ||| UPGRADING to +0 ring mail.
   639 | D:2      | 639 ||| DROPPING +0 leather armour.
   640 | D:2      | 640 ||| READING scroll labelled TAER IRHOQOTA.
   641 | D:2      | 641 ||| DRINKING 2 metallic silvery potions.
   642 | D:2      | 642 ||| DROPPING scroll of poison.
   647 | D:2      | 647 ||| FLEEEEING.
   648 | D:2      | 648 ||| FLEEEEING.
   649 | D:2      | 649 ||| STAIRDANCE
  1033 | D:2      | Reached XP level 3. HP: 30/30 MP: 3/3
  1465 | D:2      | HP: 7/30 [poisoned by an adder]
  1592 | D:2      | Reached skill level 4 in Ranged Weapons
  1682 | D:2      | 1682 ||| READING 2 scrolls labelled GAIQ LEPREDDAOCANU.
  1683 | D:2      | 1683 ||| READING 2 scrolls labelled KUSSEL PYNT.
  1687 | D:2      | 1687 ||| READING scroll labelled EVUC KOMUL.
  1688 | D:2      | 1688 ||| DRINKING 2 murky red potions.
  1793 | D:2      | 1793 ||| DRINKING 2 viscous amethyst potions.
  1794 | D:2      | 1794 ||| DRINKING 2 grey potions.
  1795 | D:2      | 1795 ||| DROPPING potion of berserk rage.
  1796 | D:2      | 1796 ||| DROPPING potion of attraction.
  1797 | D:2      | 1797 ||| DROPPING potion of degeneration.
  1842 | D:3      | 1842 ||| STAIRDANCE
  1847 | D:2      | Reached skill level 1 in Armour
  1847 | D:2      | Reached XP level 4. HP: 35/37 MP: 4/4
  1856 | D:3      | Noticed Ijyb
  1857 | D:3      | 1857 ||| STAIRDANCE
  1891 | D:3      | 1891 ||| STAIRDANCE
  1898 | D:2      | HP: 9/37 [poisoned by a kobold]
  2025 | D:3      | 2025 ||| STAIRDANCE
  2043 | D:3      | Killed Ijyb
  2050 | D:3      | 2050 ||| STAIRDANCE
  2299 | D:3      | Reached skill level 5 in Ranged Weapons
  2481 | D:3      | Reached skill level 3 in Fighting
  2481 | D:3      | Reached XP level 5. HP: 45/45 MP: 5/5
  2679 | D:3      | 2679 ||| FLEEEEING.
  2680 | D:3      | 2680 ||| FLEEEEING.
  2911 | D:3      | 2911 ||| FLEEEEING.
  2912 | D:3      | 2912 ||| FLEEEEING.
  2913 | D:3      | 2913 ||| FLEEEEING.
  2914 | D:3      | 2914 ||| FLEEEEING.
  2915 | D:3      | 2915 ||| FLEEEEING.
  2916 | D:3      | 2916 ||| FLEEEEING.
  2917 | D:3      | 2917 ||| FLEEEEING.
  2918 | D:3      | 2918 ||| FLEEEEING.
  2919 | D:3      | 2919 ||| FLEEEEING.
  2920 | D:3      | 2920 ||| FLEEEEING.
  2921 | D:3      | 2921 ||| FLEEEEING.
  2922 | D:3      | 2922 ||| FLEEEEING.
  2923 | D:3      | 2923 ||| FLEEEEING.
  2924 | D:3      | 2924 ||| FLEEEEING.
  2925 | D:3      | 2925 ||| FLEEEEING.
  2934 | D:3      | 2934 ||| STAIRDANCE
  2944 | D:2      | 2944 ||| UPGRADING to ring of see invisible.
  2945 | D:2      | 2945 ||| DROPPING ring of flight.
  2946 | D:2      | 2946 ||| READING scroll labelled GERCHO ZU ETURU.
  2947 | D:2      | 2947 ||| READING scroll labelled ECOTSI MUVO.
  2948 | D:2      | 2948 ||| READING 2 scrolls of identify.
  2948 | D:2      | 2948 ||| IDENTIFYING golden potion
  2949 | D:2      | 2949 ||| DROPPING potion of invisibility.
  3117 | D:4      | Found a hide-covered altar of Uskayaw.
  3139 | D:4      | Found a staircase to the Ecumenical Temple.
  3141 | D:4      | 3141 ||| PLANNING TEMPLE
  3141 | D:4      | 3141 ||| READING scroll labelled ALYLICKOERR.
  3153 | Temple   | Entered the Ecumenical Temple
  3154 | Temple   | 3154 ||| PLANNING OKAWARU WORSHIP
  3189 | Temple   | Became a worshipper of Warmaster Okawaru
  3190 | Temple   | 3190 ||| PLANNING D:1-11
  3231 | D:4      | Noticed a phantom
  3247 | D:4      | Killed a phantom
  3248 | D:4      | Reached skill level 6 in Ranged Weapons
  3248 | D:4      | Reached XP level 6. HP: 25/51 MP: 6/6
  3423 | D:4      | HP: 12/51 [poisoned by an orc]
  3428 | D:4      | HP: 6/51 [poisoned by an orc]
  3827 | D:4      | 3827 ||| DRINKING 2 white potions.
  3838 | D:5      | Entered Level 5 of the Dungeon
  3842 | D:5      | 3842 ||| Stepping ~*~*~tactically~*~*~ (outnumbered).
  3858 | D:5      | HP: 11/53 [orc wizard/+0 dagger (4)]
  3859 | D:5      | 3859 ||| READING 6 scrolls of teleportation.
  3861 | D:5      | HP: 4/53 [orc/+0 club (3)]
  3862 | D:5      | 3862 ||| DRINKING 2 potions of curing.
  3862 | D:5      | 3862 ||| (to cure confusion)
  4005 | D:5      | Noticed a sky beast
  4017 | D:5      | Killed a sky beast
  4017 | D:5      | Reached * piety under Okawaru
  4018 | D:5      | Reached skill level 7 in Ranged Weapons
  4018 | D:5      | Reached XP level 7. HP: 55/60 MP: 7/7
  4043 | D:5      | 4043 ||| INVOKING Heroism.
  4054 | D:5      | 4054 ||| INVOKING Heroism.
  4206 | D:5      | Reached skill level 8 in Ranged Weapons
  4234 | D:5      | Found a shimmering blue altar of Sif Muna.
  4244 | D:5      | Noticed Pikel
  4256 | D:5      | HP: 4/60 [Pikel/+2 whip of electrocution (20)]
  4257 | D:5      | 4257 ||| READING 5 scrolls of teleportation.
  4257 | D:5      | Slain by a lemure

Levels and vault maps discovered:
D:1:      dpeg_arrival_leaves_temple_mockup, layout_basic, minmay_3d_cube
D:2:      layout_loops_ring, small_statue_intersection
D:3:      minmay_chambers_of_threes, layout_loops_ring, serial_undead,
          serial_undead_a, serial_undead_f, serial_undead_e, serial_undead_e,
          uniq_ijyb
D:4:      layout_rooms, kennysheep_mini_moat,
          minmay_temple_entry_statues_pillars
D:5:      minmay_inner_zag, layout_loops_ring, lemuel_doored_altar,
          uniq_menkaure, uniq_pikel
Temple:   hellmonk_temple_of_storms

Skill      XL: |  1  2  3  4  5  6  7 |
---------------+----------------------+-----
Ranged Weapons | 3 4 5 6 7 8 |  8.0
Fighting       | 2 3 4 |  4.6
Armour         | 1 |  1.0
Dodging        | |  2.1
Spellcasting   | |  1.0
Hexes          | |  2.0

Action                     |  1- 3 |  4- 6 |  7- 9 || total
---------------------------+-------+-------+-------++-------
   Fire: Sling             |   105 |   239 |    44 ||   388
 Invoke: Heroism           |       |       |     2 ||     2
    Use: Scroll            |     4 |     5 |     1 ||    10
         Potion            |     4 |     2 |       ||     6
 Armour: Robe              |     8 |       |       ||     8
         Ring mail         |    24 |    76 |    12 ||   112
  Dodge: Dodged            |    42 |   121 |    15 ||   178

Table legend:
 A = Non-vault XP
 B = Vault XP
 C = Vault XP percentage of total XP
 D = Non-vault monster count
 E = Vault monster count
 F = Vault count percentage of total count
                 A         B        C        D         E       F
            +---------+---------+-------+---------+---------+-------
      Total |     870 |     106 |  10.9 |      80 |      19 |  19.2
            +---------+---------+-------+---------+---------+-------
        D:1 |      23 |       1 |   4.2 |      15 |       1 |   6.2
        D:2 |      77 |       0 |   0.0 |      17 |       0 |   0.0
        D:3 |      90 |     105 |  53.8 |      22 |      18 |  45.0
        D:4 |     148 |       0 |   0.0 |      14 |       0 |   0.0
        D:5 |     532 |       0 |   0.0 |      12 |       0 |   0.0
            +---------+---------+-------+---------+---------+-------
